 Dungeon Crawl Stone Soup version 0.21-a0-531-gacddea6 (webtiles) character file.

5175 slep the Cleaver (level 10, -1/52 HPs)
             Began as a Vine Stalker Gladiator on Dec 13, 2017.
             Was a Priest of Okawaru.
             Slain by a two-headed ogre
             ... wielding a +0 giant club
              (2 damage)
             ... on level 9 of the Dungeon.
             The game lasted 00:53:52 (8160 turns).

slep the Cleaver (Vine Stalker Gladiator)           Turns: 8160, Time: 00:53:53

Health: -1/52      AC:  9    Str: 18    XL:     10   Next: 59%
Magic:  0/11       EV: 15    Int: 15    God:    Okawaru [***...]
Gold:   582        SH:  4    Dex: 17    Spells: 6/9 levels left

rFire    . . .     SeeInvis .   a - +2 hand axe (flame)
rCold    . . .     Gourm    .   R - +0 buckler
rNeg     . . .     Faith    .   B - +0 robe (curse)
rPois    .         Spirit   +   c - +1 helmet
rElec    .         Reflect  .   O - +0 cloak
rCorr    .         Harm     .   (no gloves)
MR       ++...                  s - +2 pair of boots {Fly}
Stlth    +++.......             (no amulet)
HPRegen  0.57/turn              J - +6 ring of intelligence
MPRegen  0.12/turn              H - ring of protection from magic

@: flying
A: fangs 3, regeneration 1, magic shield, antimagic bite, no potion heal 3, rot
immunity
a: Heroism, Renounce Religion, Stop Flying


You were on level 9 of the Dungeon.
You worshipped Okawaru.
Okawaru was most pleased with you.
You were hungry.

You visited 2 branches of the dungeon, and saw 11 of its levels.
You also visited: Ossuary.

You collected 582 gold pieces.

Inventory:

Hand Weapons
 a - a +2 hand axe of flaming (weapon)
Missiles
 u - 13 tomahawks
 K - 54 poisoned needles
 S - 2 silver tomahawks (quivered)
Armour
 c - a +1 helmet (worn)
 s - a +2 pair of boots of flying (worn)
 z - a +0 robe of magic resistance
 B - a cursed +0 robe (worn)
 O - a +0 cloak (worn)
 R - a +0 buckler (worn)
Jewellery
 y - a +4 ring of evasion
 A - an uncursed ring of teleportation
 H - a ring of protection from magic (right hand)
 J - a +6 ring of intelligence (left hand)
 U - an uncursed ring of protection from fire
 Z - an uncursed ring of resist corrosion
Wands
 G - a wand of paralysis (30)
 I - a wand of polymorph (8)
 N - a wand of flame (50)
 V - a wand of random effects (24)
Scrolls
 e - 4 scrolls of enchant armour
 j - 3 scrolls of identify
 m - 3 scrolls of remove curse
 o - a scroll of amnesia
 q - a scroll of fog
 r - 2 scrolls of random uselessness {unknown}
 t - 3 scrolls of teleportation {unknown}
 x - 2 scrolls of magic mapping {unknown}
 F - a scroll of blinking {unknown}
 Q - a scroll of fear {unknown}
 Y - a scroll of torment {unknown}
Potions
 g - 2 potions of resistance
 h - 3 potions of lignification
 k - a potion of curing
 n - 2 potions of ambrosia
 C - a potion of invisibility
 D - a potion of cancellation
 M - a potion of haste
 P - 2 potions of brilliance
 W - a potion of mutation
 X - a potion of magic
Books
 b - a book of Necromancy

   Spells                             Type                      Level
   a - Pain                           Necromancy                   1
   b - Animate Skeleton               Necromancy                   1
   c - Vampiric Draining              Necromancy                   3
   d - Regeneration                   Charms/Necromancy            3
   e - Animate Dead                   Necromancy                   4
   f - Control Undead                 Necromancy                   4
 d - a book of Maledictions

   Spells                             Type                      Level
   a - Corona                         Hexes                        1
   b - Ensorcelled Hibernation        Hexes/Ice                    2
   c - Confuse                        Hexes                        3
   d - Tukima's Dance                 Hexes                        3
   e - Dazzling Spray                 Conjuration/Hexes            3
 v - a book of Minor Magic

   Spells                             Type                      Level
   a - Magic Dart                     Conjuration                  1
   b - Blink                          Translocation                2
   c - Call Imp                       Summoning                    2
   d - Slow                           Hexes                        2
   e - Conjure Flame                  Conjuration/Fire             3
   f - Mephitic Cloud                 Conjuration/Poison/Air       3
 T - a book of Cantrips

   Spells                             Type                      Level
   a - Confusing Touch                Hexes                        1
   b - Animate Skeleton               Necromancy                   1
   c - Summon Small Mammal            Summoning                    1
   d - Apportation                    Translocation                1
Miscellaneous
 l - a phial of floods (inert)
Comestibles
 f - 3 bread rations
 i - 3 royal jellies
 w - 26 fruits
 E - 3 meat rations


   Skills:
 + Level 5.6 Fighting
 + Level 9.9 Axes
 + Level 3.1 Throwing
 + Level 5.0 Armour
 + Level 5.1 Dodging
 + Level 4.7 Stealth
 + Level 1.2 Shields
 + Level 0.5 Unarmed Combat
 + Level 0.4 Spellcasting
 + Level 0.8 Translocations


You had 6 spell levels left.
You knew the following spells:

 Your Spells              Type           Power        Failure   Level  Hunger
a - Blink                 Tloc           N/A          36%         2    ###....
b - Animate Skeleton      Necr           N/A          36%         1    ##.....


Dungeon Overview and Level Annotations

Branches:
Dungeon (10/15)            Temple (1/1) D:5
   Lair: D:8-11         Orc: D:9-12

Altars:
Ashenzari
Cheibriados
Dithmenos
Elyvilon
Fedhas
Gozag
Hepliaklqana
Kikubaaqudgha
Makhleb
Nemelex Xobeh
Okawaru
Qazlal
Ru
Sif Muna
Trog
Uskayaw
Vehumet
Wu Jian
Xom
Yredelemnul
Zin
The Shining One

Shops:
D:8 }


Innate Abilities, Weirdness & Mutations

You have razor-sharp teeth.
Your natural rate of healing is unusually fast.
When hurt, damage is shared between your health and your magic reserves.
Your bite disrupts and absorbs the magic of your enemies.
Potions cannot restore your health.
You are immune to rotting.


Message History

Evoke which item? (* to show all) (? for menu, Esc to quit)
Aim the phial where?
Press: ? - help, Shift-Dir - straight line, f - two-headed ogre
Aim: a two-headed ogre, wielding a giant club and a dire flail of protection The torrent of water hits the two-headed ogre.
The two-headed ogre is moderately wounded.
The wave splashes down.
The water rises up and takes form.
The yak gores you!
The two-headed ogre hits you with a giant club!
* * * LOW HITPOINT WARNING * * *
The two-headed ogre hits you with a dire flail of protection!
* * * LOW HITPOINT WARNING * * *
Okay, then.
Casting: Blink
Confirm with . or Enter, or press ? or * to list all spells.
You don't have enough magic to cast that spell.
Okay, then.
Magic courses through your body. The yak gores you!
The two-headed ogre misses you.
The two-headed ogre hits you with a dire flail of protection.
You die...

.# #..........##...........#
#######...>†....##.###.......#
##..............##.###.......#
...#####........##..##.......#
########........###.##.......#
#####.....#####..##.########.#
......###.# #..Y##.Y# ### #.#
####### #!####.#Y###.# #.###.#
## #..##..#@###.# #...#.#
.#### ##...[##EO≈#.#####...#
....## ###..#####≈#..# #####
..#..## #....#####≈##.##
..##..# #.##....##..#..#
..###.# #.#####.###..#.#
#..##(# #># #...##...# ...##.#
#.# ###.####.# ...##.###.#
#..# ###


You could see a two-headed ogre, 2 yaks and a friendly water elemental.

Vanquished Creatures
  Psyche (D:8)
  Grinder (D:3)
  A wyvern (D:9)
  2 yaks (D:9)
  A hungry ghost (D:7)
  2 water moccasins
  Edmund (D:5)
  2 orc warriors
  3 ice beasts
  A sky beast (D:10)
  2 ogres (D:5)
  The ghost of slep the Chopper, an amateur DsGl (D:3)
  4 centaurs
  A big kobold (D:8)
  2 elf zombies (Ossuary)
  2 bullfrogs
  A wyvern zombie (D:9)
  6 killer bees (D:9)
  9 wights
  3 howler monkeys
  A centaur zombie (Ossuary)
  5 crimson imps
  2 hounds
  Crazy Yiuf (D:5)
  7 orc priests
  A bullfrog skeleton (D:7)
  7 orc wizards
  An iguana (D:8)
  Ijyb (D:3)
  Natasha (thrice) (D:3 D:4)
  8 worker ants
  2 hound zombies (Ossuary)
  4 mummies
  Robin (D:3)
  2 worker ant zombies
  6 gnolls
  9 adders
  A shadow imp (D:5)
  An ooze (D:3)
  4 adder zombies
  A dart slug (D:1)
  4 leopard geckos
  38 orcs
  2 ball pythons
  9 bats
  7 giant cockroaches
  A gnoll zombie (Ossuary)
  13 hobgoblins
  23 jackals
  6 kobolds
  4 quokkas
  A ball python skeleton (D:5)
  5 frilled lizards
  29 goblins
  4 goblin zombies (Ossuary)
  6 hobgoblin zombies (Ossuary)
  5 jackal zombies (Ossuary)
  2 kobold zombies (Ossuary)
  2 orc zombies (Ossuary)
  4 quokka zombies (Ossuary)
  4 rats
  5 rat zombies (Ossuary)
288 creatures vanquished.

Notes
Turn   | Place    | Note
-------+----------+-------------------------------------------
     0 | D:1      | slep the Vine Stalker Gladiator began the quest for the Orb.
     0 | D:1      | Reached XP level 1. HP: 11/11 MP: 2/2
   151 | D:1      | Reached XP level 2. HP: 10/15 MP: 3/3
   368 | D:1      | Reached skill level 3 in Axes
   555 | D:1      | Reached XP level 3. HP: 18/18 MP: 2/4
  1128 | D:2      | Gained mutation: Your natural rate of healing is unusually fast. [Vine Stalker growth]
  1128 | D:2      | Reached XP level 4. HP: 21/23 MP: 5/5
  1424 | D:3      | Reached skill level 4 in Axes
  1453 | D:3      | Reached XP level 5. HP: 26/26 MP: 6/6
  1499 | D:3      | Found a shadowy altar of Dithmenos.
  1557 | D:3      | Noticed Robin
  1561 | D:3      | Noticed Natasha
  1584 | D:3      | Killed Natasha
  1587 | D:3      | Killed Robin
  1587 | D:3      | Reached skill level 1 in Armour
  1599 | D:3      | Noticed Grinder
  1645 | D:3      | Noticed Natasha
  1659 | D:3      | Found a shattered altar of Ashenzari.
  1794 | D:4      | Killed Natasha
  1794 | D:4      | Reached XP level 6. HP: 17/32 MP: 4/7
  1830 | D:4      | Reached skill level 5 in Axes
  2074 | D:4      | Learned a level 2 spell: Blink
  2533 | D:4      | Noticed Natasha
  2540 | D:4      | Killed Natasha
  2637 | D:3      | Killed Grinder
  2637 | D:3      | Reached skill level 6 in Axes
  2637 | D:3      | Reached skill level 1 in Stealth
  2637 | D:3      | Reached XP level 7. HP: 8/36 MP: 3/8
  2648 | D:3      | Noticed slep's ghost (amateur DsGl)
  2679 | D:3      | Killed slep's ghost
  2839 | D:3      | Noticed Ijyb
  2868 | D:3      | Killed Ijyb
  3012 | D:5      | Entered Level 5 of the Dungeon
  3012 | D:5      | Noticed Edmund
  3110 | D:5      | Gained mutation: You have razor-sharp teeth. [Vine Stalker growth]
  3110 | D:5      | Reached XP level 8. HP: 15/41 MP: 9/9
  3235 | D:5      | Killed Edmund
  3235 | D:5      | Reached skill level 7 in Axes
  3366 | D:5      | Found a staircase to the Ecumenical Temple.
  3371 | Temple   | Entered the Ecumenical Temple
  3463 | Temple   | Became a worshipper of Warmaster Okawaru
  4037 | D:5      | Found a runed door.
  4085 | D:5      | Noticed Crazy Yiuf
  4097 | D:5      | Killed Crazy Yiuf
  4287 | D:6      | Reached * piety under Okawaru
  4287 | D:6      | Reached XP level 9. HP: 34/46 MP: 10/10
  4365 | D:6      | Found a sand-covered staircase.
  4373 | Ossuary  | Entered an ossuary
  4537 | Ossuary  | Reached skill level 8 in Axes
  4963 | D:6      | Found a glowing silver altar of Zin.
  5069 | D:6      | Found an opulent altar of Gozag.
  5568 | D:7      | Learned a level 1 spell: Animate Skeleton
  5583 | D:7      | Found a basalt altar of Yredelemnul.
  5615 | D:7      | Found a glowing golden altar of the Shining One.
  5878 | D:7      | Reached ** piety under Okawaru
  5942 | D:7      | Reached skill level 9 in Axes
  6240 | D:7      | Noticed an angel
  6434 | D:8      | Reached XP level 10. HP: 51/51 MP: 11/11
  6544 | D:8      | Found Jujyud's Gadget Boutique.
  6615 | D:8      | Reached skill level 5 in Fighting
  6958 | D:8      | Noticed Psyche
  6965 | D:8      | Killed Psyche
  6965 | D:8      | Reached skill level 1 in Shields
  7089 | D:9      | Reached skill level 5 in Dodging
  7108 | D:9      | HP: 1/51 [killer bee (2)]
  7113 | D:9      | HP: 1/51 [poisoned by a killer bee]
  7114 | D:9      | Reached *** piety under Okawaru
  7118 | D:9      | HP: 1/51 [poisoned by a killer bee]
  7739 | D:9      | Found a radiant altar of Vehumet.
  8079 | D:10     | Entered Level 10 of the Dungeon
  8087 | D:10     | Reached skill level 5 in Armour
  8095 | D:10     | Noticed a two-headed ogre
  8159 | D:9      | HP: 1/52 [two-headed ogre/giant club (9)]
  8160 | D:9      | Slain by a two-headed ogre

Vault maps used:
D:1:      dpeg_arrival_three_smaller_balls, corexii_item_surrounded_by_moat
D:3:      kennysheep_goblin_castle, nicolae_overflow_crystal_walls,
          lemuel_doored_altar, uniq_grinder, uniq_robin, uniq_natasha
D:4:      kennysheep_cross_bottleneck, minmay_strange_pillars, uniq_ijyb
D:5:      temple_doors_cd, first_bread, minivault_1, serial_park_tiny_2,
          uniq_edmund, uniq_crazy_yiuf_cottage
D:6:      lemuel_crystal_altar, overflow_temple_1_default,
          gup_ossuary_entry_pyramid
D:7:      grunt_temple_overflow_holy_war
D:8:      serial_shops, shop_statue, blue_anna_alchemist, nicolae_wwwww,
          uniq_psyche
D:9:      vehumet_altar_wand_db
D:10:     hangedman_cross_veins, enter_bailey_3, st_stairs_4
Temple:   nicolae_temple_elliptical
Ossuary:  minmay_ossuary_two_tombs

Skill      XL: |  1  2  3  4  5  6  7  8  9 10 |
---------------+-------------------------------+-----
Fighting       | 2 3 4 5 |  5.6
Axes           | 3 4 6 7 9 |  9.9
Dodging        | 3 4 5 |  5.1
Armour         | 1 2 4 5 |  5.0
Stealth        | 1 2 4 |  4.7
Throwing       | 2 3 |  3.1
Shields        | 1 |  1.2
Unarmed Combat | |  0.5
Spellcasting   | |  0.4
Translocations | |  0.8

Action                   |  1- 3 |  4- 6 |  7- 9 | 10-12 || total
-------------------------+-------+-------+-------+-------++-------
Melee: War axe           |   102 |   170 |   112 |       ||   384
       Bite              |    19 |    50 |   153 |    54 ||   276
       Unarmed           |       |       |    11 |       ||    11
       Hand axe          |       |       |   315 |   186 ||   501
       Punch             |       |       |     1 |       ||     1
Throw: Throwing net      |       |       |     5 |       ||     5
       Tomahawk          |       |       |    18 |     3 ||    21
 Cast: Blink             |       |     1 |       |       ||     1
Evoke: Wand              |       |       |       |     1 ||     1
       Phial of floods   |       |       |       |     1 ||     1
  Use: Potion            |       |     6 |     1 |     2 ||     9
       Scroll            |       |     1 |     4 |     9 ||    14
 Stab: Sleeping          |       |     1 |     5 |     1 ||     7
       Held in net/web   |       |       |     1 |       ||     1
  Eat: Chunk             |     1 |     4 |    15 |     6 ||    26
Armor: Leather armour    |    34 |    57 |    32 |       ||   123
       Ring mail         |       |       |   108 |    39 ||   147
       Robe              |       |       |       |     7 ||     7
Dodge: Dodged            |   113 |   164 |   236 |   106 ||   619
Block: Buckler           |       |       |    18 |    35 ||    53

Table legend:
 A = Spawn XP
 B = Non-spawn XP
 C = Spawn XP percentage of total XP
 D = Spawn monster count
 E = Non-spawn monster count
 F = Spawn count percentage of total count
 G = Total turns spent on level
                    A         B        C        D         E        F      G
               +---------+---------+-------+---------+---------+-------+---------
         Total |       0 |    7394 |   0.0 |       0 |     288 |   0.0 |  8160
               +---------+---------+-------+---------+---------+-------+---------
           D:1 |       0 |      43 |   0.0 |       0 |      23 |   0.0 |   709
           D:2 |       0 |     106 |   0.0 |       0 |      37 |   0.0 |   705
           D:3 |       0 |     603 |   0.0 |       0 |      49 |   0.0 |   781
           D:4 |       0 |     291 |   0.0 |       0 |      19 |   0.0 |   918
           D:5 |       0 |    1029 |   0.0 |       0 |      26 |   0.0 |  1101
           D:6 |       0 |     929 |   0.0 |       0 |      29 |   0.0 |  1013
           D:7 |       0 |     947 |   0.0 |       0 |      22 |   0.0 |   911
           D:8 |       0 |    1448 |   0.0 |       0 |      17 |   0.0 |   882
           D:9 |       0 |    1361 |   0.0 |       0 |      23 |   0.0 |   710
          D:10 |       0 |     264 |   0.0 |       0 |       4 |   0.0 |    23
       Ossuary |       0 |     373 |   0.0 |       0 |      39 |   0.0 |   301
               +---------+---------+-------+---------+---------+-------+---------
